 Dungeon Crawl Stone Soup version 0.28-a0-94-g325244837d (webtiles) character file.

Game seed: 14521515988473475396

64 Leeroy the Insei (level 4, -4/32 HPs)
             Began as a Merfolk Transmuter on Aug 7, 2021.
             Killed from afar by Sigmund (7 damage)
             ... with a magic dart
             ... on level 2 of the Dungeon.
             The game lasted 00:02:06 (2056 turns).

Leeroy the Insei (Merfolk Transmuter)               Turns: 2056, Time: 00:02:07

Health: -4/32      AC:  2    Str: 10    XL:     4   Next: 12%
Magic:  2/7        EV: 20    Int: 13    God:
Gold:   85         SH:  0    Dex: 19    Spells: 1/7 levels left

rFire   . . .      SeeInvis .     - Unarmed
rCold   . . .      Faith    .   (shield currently unavailable)
rNeg    . . .      Spirit   .   (armour currently unavailable)
rPois   x          Reflect  .   (helmet currently unavailable)
rElec   .          Harm     .   (cloak currently unavailable)
rCorr   .          Rampage  .   (gloves currently unavailable)
Will    .....                   (boots currently unavailable)
Stlth   ++........              (no amulet)
HPRegen 0.10/turn               (no ring)
MPRegen 0.10/turn               (no ring)

@: spider-form (expiring), very slightly contaminated
A: venomous fangs, tiny, (nimble swimmer 2), (mertail)
a: End Transformation


You were on level 2 of the Dungeon.
You were a venomous arachnid creature.
You visited 1 branch of the dungeon, and saw 2 of its levels.

You collected 85 gold pieces.

Inventory:

Missiles
 g - 17 poisoned darts
Armour
 a - a +0 robe
 i - a +1 leather armour of cold resistance (melded)
Scrolls
 c - 2 scrolls of identify {unknown}
 d - a scroll of fog {unknown}
 e - a scroll of noise {unknown}
Potions
 b - 2 potions of curing {unknown}
 f - a potion of heal wounds {unknown}
 h - a potion of degeneration {unknown}
 j - a potion of haste {unknown}


   Skills:
 - Level 1.1 Fighting
 - Level 2.6 Dodging
 - Level 5.3 Unarmed Combat
 - Level 2.0 Spellcasting
 + Level 2.6 Transmutations


You had one spell level left.
You knew the following spells:

 Your Spells              Type           Power      Damage    Failure   Level
a - Beastly Appendage     Tmut           16%        N/A       22%         1
b - Wereblood             Tmut           8%         N/A       30%         2
c - Spider Form           Tmut/Pois      2%         N/A       63%         3

Your spell library contained the following spells:

 Spells                   Type           Power      Damage    Failure   Level
 Ice Form                 Ice/Tmut       4%         N/A       93%         4


Dungeon Overview and Level Annotations

Branches:
Dungeon (2/15)

Altars:

Annotations:
D:2 Sigmund


Innate Abilities, Weirdness & Mutations

You are a venomous arachnid creature.
You have poisonous fangs.
You are tiny and dextrous.
Your spellcasting is less reliable in this form.
Your armour is entirely melded.
You are incapable of wielding weapons or throwing items.
((You are quick and stealthy near water. (Stealth+, EV+, Speed+++)))
((Your lower body shifts to a powerful aquatic tail in water.))


Message History

There is a stone staircase leading up here.
j - a viscous ruby potion Sigmund shouts!
Sigmund is nearby!
Casting: Spider Form (extremely dangerous; 52% risk of failure)
Confirm with . or Enter, or press ? or * to list all spells.
The spell is extremely dangerous to cast (52% risk of failure)!
Continue anyway?
You miscast Spider Form.
You are very lightly contaminated with residual magic.
Strange energies run through your body.
Casting: Spider Form (extremely dangerous; 52% risk of failure)
Confirm with . or Enter, or press ? or * to list all spells.
The spell is extremely dangerous to cast (52% risk of failure)!
Continue anyway?
You turn into a venomous arachnid creature.
Your +1 leather armour of cold resistance melds into your body.
You feel less resistant to cold. Sigmund closely misses you.
You hit Sigmund but do no damage.
Your transformation is almost over.
Sigmund completely misses you.
You hit Sigmund.
Sigmund is lightly wounded.
Sigmund gestures at you while chanting. The magic dart hits you!
You hit Sigmund.
Sigmund is poisoned.
Sigmund is moderately wounded.
Sigmund hits you with a +0 scythe!
You completely miss Sigmund.
Sigmund is moderately wounded.
You hit Sigmund.
Sigmund looks as sick as possible!
Sigmund is heavily wounded.
Sigmund mumbles some strange words.
Sigmund flickers and vanishes!
Deactivating autopickup; reactivate with Ctrl-A.
You barely miss something. Something barely misses you. Something hits you!
* * * LOW HITPOINT WARNING * * *
A magic dart appears from out of thin air!
The magic dart hits you!
You die...

..........######...##.##
##......#####....###...# .
#.##........()....†.⌠.. #
#.#. #...#####....###...#
#.#.#.##.......####...##.##
.........{÷.#.# ###..#(#.
#...#......#.# ##.###.
#..#......#.# #..#..
#......s.#..# ##.#.#
#.##......### #.#.#
#.##.<....#######. #...#
##.###...#......... ##.##
##..........#######. #.#
#.....#...#.# #.#
#.....##.##.# #.#
#.........#.# #.#
#.......#.#.# #.#


There were no monsters in sight!

Vanquished Creatures
  2 adders (D:2)
  3 dart slugs
  4 ball pythons
  7 endoplasms
  2 giant cockroaches
  2 goblins
  4 hobgoblins
  2 kobolds (D:1)
  4 quokkas
  2 bats (D:1)
  2 frilled lizards (D:1)
  2 rats
36 creatures vanquished.

Notes
Turn   | Place    | Note
-------+----------+-------------------------------------------
     0 | D:1      | Leeroy the Merfolk Transmuter began the quest for the Orb.
     0 | D:1      | Reached XP level 1. HP: 15/15 MP: 3/3
   157 | D:1      | Reached XP level 2. HP: 20/21 MP: 5/5
   192 | D:1      | Reached skill level 4 in Unarmed Combat
   761 | D:1      | Reached XP level 3. HP: 26/26 MP: 6/6
  1110 | D:1      | Found a faded altar of an unknown god.
  1162 | D:1      | You fall into a shaft and drop 1 floor!
  1544 | D:2      | Learned a level 2 spell: Wereblood
  1548 | D:2      | Learned a level 3 spell: Spider Form
  1628 | D:2      | Reached skill level 5 in Unarmed Combat
  1772 | D:2      | Reached XP level 4. HP: 28/32 MP: 7/7
  1901 | D:2      | Noticed Sigmund
  2056 | D:2      | Killed from afar by Sigmund

Illustrated notes

Levels and vault maps discovered:
D:1:      scummos_arrival_simple_fountains, layout_basic,
          shapermc_ecumenical_altar_flowoftime, minmay_tripent
D:2:      minmay_general_purpose_star, layout_loops_ring, basic_altar,
          uniq_sigmund, uniq_crazy_yiuf_cottage

Skill      XL: |  1  2  3 |
---------------+----------+-----
Unarmed Combat | 4 5 |  5.3
Fighting       | |  1.1
Dodging        | |  2.6
Spellcasting   | |  2.0
Transmutations | |  2.6

Action                   |  1- 3 |  4- 6 || total
-------------------------+-------+-------++-------
Melee: Unarmed           |    99 |    23 ||   122
       Punch             |     2 |       ||     2
 Cast: Spider Form       |       |     1 ||     1
Armor: Robe              |    14 |       ||    14
       Leather armour    |       |     5 ||     5
Dodge: Dodged            |    55 |    11 ||    66

Table legend: (Time is in decaauts)
 A = Elapsed time spent in this place.
 B = Non-inter-level travel time spent in this place.
 C = Inter-level travel time spent in this place.
 D = Time resting spent in this place.
 E = Time spent auto-exploring this place.
 F = Levels seen in this place.
 G = Mean time per level.
                   A        B        C        D        E       F      G
               +--------+--------+--------+--------+--------+-----+--------+
         Total |   2046 |   1987 |     59 |    347 |   1387 |   2 | 1023.0 |
       Dungeon |   2046 |   1987 |     59 |    347 |   1387 |   2 | 1023.0 |
               +--------+--------+--------+--------+--------+-----+--------+

Top non-repeatable levels by time:
     D:1: 1262 daAuts
     D:2: 783 daAuts
